 Dungeon Crawl Stone Soup version 0.29.1-15-g9cfb28693d (webtiles) character file.

Game seed: 11918740189180800241

41 Heoruswealwe the Magician (level 3, 0/19 HPs)
             Began as a Deep Elf Earth Elementalist on Apr 4, 2023.
             Slain by a gnoll
             ... wielding a +0 flail
              (5 damage)
             ... on level 2 of the Dungeon.
             The game lasted 00:07:48 (1029 turns).

Heoruswealwe the Magician (DEEE)                    Turns: 1029, Time: 00:07:49

Health: 0/19       AC:  3    Str:  5    XL:     3   Next: 32%
Magic:  6/10       EV:  6    Int: 21    God:
Gold:   29         SH:  0    Dex: 15    Spells: 7/10 levels left

rFire   . . .      SeeInvis .   c - staff of earth
rCold   . . .      Faith    .   (no shield)
rNeg    . . .      Spirit   .   a - +0 robe
rPois   .          Reflect  .   (no helmet)
rElec   .          Harm     .   (no cloak)
rCorr   .          Rampage  .   (no gloves)
Will    .....                   h - +0 pair of boots
Stlth   ++........              (no amulet)
HPRegen 0.06/turn               (no ring)
MPRegen 0.12/turn               (no ring)

@: held
A: no striking features
a: no special abilities


You were on level 2 of the Dungeon.
You visited 1 branch of the dungeon, and saw 2 of its levels.

You collected 29 gold pieces.

Inventory:

Armour
 a - a +0 robe (worn)
 h - a +0 pair of boots (worn)
Magical Staves
 c - a staff of earth (weapon)
Potions
 b - a potion of magic
 e - a potion of brilliance


   Skills:
 - Level 2.4 Dodging
 - Level 2.4 Stealth
 + Level 4.2 Spellcasting
 - Level 1.1 Transmutations
 + Level 4.1 Earth Magic


You had 7 spell levels left.
You knew the following spells:

 Your Spells              Type           Power      Damage    Failure   Level
a - Sandblast             Erth           66%        2d15      1%          1
z - Passwall              Tmut/Erth      19%        N/A       6%          2

Your spell library contained the following spells:

 Spells                   Type           Power      Damage    Failure   Level
 Stone Arrow              Conj/Erth      38%        3d9       16%         3
 Petrify                  Tmut/Erth      23%        N/A       36%         4


Dungeon Overview and Level Annotations

Branches:
Dungeon (2/15)

Altars:


Message History

You open the door.
Found a stone staircase leading down.
Found a scroll labelled NUNEMI XOLIDD.
There is an open door here.
d - a scroll labelled NUNEMI XOLIDD
As you read the scroll of identify, it crumbles to dust.
d - a scroll of acquirement Something appears at your feet!
You see here a staff of earth.
You see here a staff of earth.
c - a staff of earth You open the door.
There is an open door here.
Okay, then.
c - a staff of earth (weapon)
You open the door.
There is an open door here.
A rat comes into view.
You can't see any susceptible monsters within range! (Use Z to cast anyway.)
You feel a surge of power!
The blast of sand hits the rat!
You kill the rat!
You see here a rat corpse.
A gnoll comes into view. It is wielding a +0 club.
A gnoll comes into view. It is wielding a +0 flail.
The gnoll shouts! x2; You hear a bark!
You hear a shout!
You hear a bark!
You hear an angry hiss.
A jackal comes into view.
The jackal barks!
You hit the gnoll but do no damage.
You hear a bark!
A jackal comes into view.
The gnoll throws a throwing net.
The throwing net hits you.
You become entangled in the net!
You hear a bark!
A jackal comes into view.
You are held in a net!
You struggle against the net.
The gnoll hits you with a +0 flail!
* * * LOW HITPOINT WARNING * * *
You struggle against the net.
The gnoll hits you with a +0 flail.
You die...

.###.....##..#
###.....###..#
#####'#####..#####
.................#
.#.##..........#†#
...###.#.###.#.#.#
#...##.#.# #.#.#.#
##.># .# . #...#.#
##.# .# .#####@#
.# .# .# #.gg# .#
.# #h### .h. ###


You could see 2 gnolls and 2 jackals.

Vanquished Creatures
  An adder (D:2)
  A dart slug (D:1)
  2 ball pythons
  2 endoplasms (D:1)
  A giant cockroach (D:1)
  A goblin (D:1)
  4 hobgoblins
  A quokka (D:2)
  7 bats
  3 frilled lizards (D:1)
  A kobold (D:1)
  6 rats
30 creatures vanquished.

Notes
Turn   | Place    | Note
-------+----------+-------------------------------------------
     0 | D:1      | Heoruswealwe the Deep Elf Earth Elementalist began the
                  | quest for the Orb.
     0 | D:1      | Reached XP level 1. HP: 10/10 MP: 6/6
   258 | D:1      | Reached XP level 2. HP: 15/15 MP: 6/8
   261 | D:1      | Learned a level 2 spell: Passwall
   960 | D:2      | Reached XP level 3. HP: 19/19 MP: 5/10
   989 | D:2      | Identified a scroll of acquirement
   990 | D:2      | Acquired a staff of earth
  1029 | D:2      | Slain by a gnoll

Illustrated notes

Levels and vault maps discovered:
D:1:      ncdulo_watergridlock, layout_basic, minmay_misc_feat_rugged,
          supply_closet_lemuel
D:2:      cheibrodos_old_hovel, layout_basic, basic_altar,
          basic_ecumenical_altar, minmay_quadrilaterals, uniq_terence,
          uniq_sigmund, uniq_jessica

Skill      XL: |  1  2 |
---------------+-------+-----
Spellcasting   | 4 |  4.2
Earth Magic    | 4 |  4.1
Dodging        | |  2.4
Stealth        | |  2.4
Transmutations | |  1.1

Action                   || total
-------------------------++-------
Melee: Staff             ||     1
 Cast: Sandblast         ||    36
  Use: Scroll            ||     7
       Potion            ||     4
Armor: Robe              ||     2
Dodge: Dodged            ||     5
